 Dungeon Sprint DCSS version 0.31.0-12-g77e489cdc1 (webtiles) character file.

Game seed: 3903446765104813473

1379 Heoruswealwe the Impaler (level 8, -6/83 HPs)
             Began as a Minotaur Fighter on Feb 23, 2024.
             Was an Initiate of Gozag.
             Shot with an arrow by a centaur warrior (17 damage)
             ... in the Dungeon (Sprint IX: "|||||||||||||||||||||||||||||").
             The game lasted 00:02:51 (310 turns).

Heoruswealwe the Impaler (Minotaur Fighter)          Turns: 310, Time: 00:02:54

Health: -6/83      AC: 14    Str: 24    XL:     8   Next: 39%
Magic:  7/7        EV: 11    Int:  5    God:    Gozag
Gold:   459        SH:  0    Dex:  9    Spells: 7/7 levels left

rFire   . . .        b - +2 halberd (venom)
rCold   . . .        (shield currently unavailable)
rNeg    . . .        c - +1 chain mail
rPois   .            (helmet restricted)
rElec   .            (no cloak)
rCorr   .            (no gloves)
SInv    .            e - +0 pair of boots
Will    .....        (no amulet) Stlth
                     k - +2 ring of evasion
HPRegen 0.33/turn    (no ring)
MPRegen 0.10/turn

%: no teleportation
@: gold aura
A: horns 2, retaliatory headbutt
a: Renounce Religion, Potion Petition, Call Merchant, Bribe Branch


You were in the Dungeon.
You worshipped Gozag.
Gozag was aware of your devotion.
You visited 1 branch You collected 459 gold pieces.

Inventory:

Hand Weapons
 a - a +0 trident
 b - a +2 halberd of venom (weapon)
Armour
 c - a +1 chain mail (worn)
 d - a +0 buckler
 e - a +0 pair of boots (worn)
Jewellery
 k - a +2 ring of evasion (left hand)
Wands
 h - a wand of light (10)
Scrolls
 j - 2 scrolls of blinking
Potions
 f - 2 potions of heal wounds
 g - a potion of haste
 i - a potion of berserk rage
 l - a potion of curing
 m - a potion of might


   Skills:
 + Level 11.8 Fighting
 * Level 15.7 Polearms
 + Level 11.8 Armour
 - Level 3.6 Shields


You had 7 spell levels left.
You didn't know any spells.
Your spell library was empty.

Dungeon Overview and Level Annotations

Branches:
Dungeon (1/1)

Altars:
Cheibriados
Dithmenos
Elyvilon
Fedhas
Gozag
Hepliaklqana
Kikubaaqudgha
Makhleb
Nemelex Xobeh
Okawaru
Qazlal
Ru
Sif Muna
Trog
Uskayaw
Vehumet
Wu Jian
Xom
Yredelemnul
Zin
The Shining One
Jiyva
Lugonu


Innate Abilities, Weirdness & Mutations

You have a pair of horns on your head.
You reflexively headbutt those who attack you in melee.


Message History

The centaur warrior is heavily wounded.
The centaur warrior hits you!
The centaur warrior kicks you but does no damage.
You puncture the centaur warrior!
The centaur warrior looks as sick as possible!
The centaur warrior is severely wounded.
The centaur warrior hits you.
The centaur warrior kicks you but does no damage.
You barely miss the centaur warrior.
The centaur warrior is severely wounded.
The centaur warrior hits you! The centaur warrior closely misses you.
The centaur warrior hits you but does no damage.
The centaur warrior kicks you but does no damage.
You slash the centaur warrior!
The centaur warrior is almost dead.
The centaur warrior hits you! The centaur warrior misses you.
You puncture the centaur warrior!
You kill the centaur warrior!
Something hits you but does no damage.
Deactivating autopickup; reactivate with Ctrl-A.
The boulder beetle curls into a ball and begins rolling!
Something hits you but does no damage.
The centaur warrior wields a +0 orcbow.
The centaur warrior shoots an arrow.
Your Fighting skill increases to level 11!
Your Polearms skill increases to level 15!
Your Armour skill increases to level 11!
You have reached level 8!
You feel stronger.
You closely miss something. Your headbutt misses something.
Something hits you but does no damage.
The crocodile is distracted by your dazzling golden aura.
Something hits you.
You closely miss something.
The centaur warrior shoots an arrow.
The arrow hits you!
* * * LOW HITPOINT WARNING * * *
Something hits you but does no damage.
The boulder beetle stops rolling and uncurls.
The centaur warrior shoots an arrow.
The arrow hits you!
You die...
Your body crumbles into a pile of gold. ▓▓▓▓▓▓▓▓▓▓▓▓▓▓▓▓▓▓▓▓▓▓▓▓ !?)[[=...').....@{ccB°l+ ▓▓▓▓▓▓▓▓▓▓▓▓▓▓▓▓▓▓▓▓▓▓▓▓

You could see a boulder beetle, 2 centaur warriors and a crocodile (unaware).

Vanquished Creatures
  A centaur warrior (D)
  A gargoyle (D)
  A steam dragon (D)
  A vampire mosquito (D)
  A kobold brigand (D)
  A wight (D)
  A howler monkey (D)
  2 iguanas (D)
  An orc wizard (D)
  An adder (D)
  A dart slug (D)
  2 bats (D)
  An endoplasm (D)
  2 ball pythons (D)
17 creatures vanquished.

Notes
Turn   | Place    | Note
-------+----------+-------------------------------------------
     0 | D        | Heoruswealwe the Minotaur Fighter began the quest for the
                  | Orb.
     0 | D        | Reached XP level 1. HP: 19/19 MP: 0/0
     5 | D        | Reached skill level 3 in Polearms
    15 | D        | Noticed an iguana
    15 | D        | Noticed an iguana
    15 | D        | Noticed a howler monkey
    19 | D        | Killed an iguana
    20 | D        | Reached skill level 5 in Fighting
    20 | D        | Reached skill level 5 in Polearms
    20 | D        | Reached skill level 5 in Armour
    20 | D        | Reached XP level 2. HP: 29/29 MP: 1/1
    20 | D        | Reached XP level 3. HP: 36/36 MP: 2/2
    24 | D        | Reached skill level 6 in Polearms
    29 | D        | Reached skill level 7 in Polearms
    29 | D        | Reached XP level 4. HP: 31/45 MP: 3/3
    33 | D        | Reached skill level 8 in Polearms
    40 | D        | Found a snail-covered altar of Cheibriados.
    40 | D        | Found a shadowy altar of Dithmenos.
    40 | D        | Found a white marble altar of Elyvilon.
    40 | D        | Found a blossoming altar of Fedhas.
    40 | D        | Found an opulent altar of Gozag.
    41 | D        | Found a hazy altar of Hepliaklqana.
    42 | D        | Found a viscous altar of Jiyva.
    43 | D        | Found an ancient bone altar of Kikubaaqudgha.
    44 | D        | Found a corrupted altar of Lugonu.
    45 | D        | Found a burning altar of Makhleb.
    46 | D        | Found a sparkling altar of Nemelex Xobeh.
    47 | D        | Found an iron altar of Okawaru.
    48 | D        | Became a worshipper of Gozag Ym Sagoz the Greedy
    49 | D        | Found a stormy altar of Qazlal.
    50 | D        | Found a sacrificial altar of Ru.
    51 | D        | Found a shimmering blue altar of Sif Muna.
    52 | D        | Found a bloodstained altar of Trog.
    53 | D        | Found a hide-covered altar of Uskayaw.
    54 | D        | Found a radiant altar of Vehumet.
    55 | D        | Found an ornate altar of the Wu Jian Council.
    56 | D        | Found a shimmering altar of Xom.
    57 | D        | Found a basalt altar of Yredelemnul.
    58 | D        | Found a glowing silver altar of Zin.
    59 | D        | Found a glowing golden altar of the Shining One.
   114 | D        | Noticed a kobold brigand
   114 | D        | Noticed a steam dragon
   114 | D        | Noticed a gargoyle
   114 | D        | Noticed a vampire mosquito
   123 | D        | Killed a kobold brigand
   124 | D        | Reached skill level 9 in Polearms
   124 | D        | Reached XP level 5. HP: 30/52 MP: 4/4
   126 | D        | Reached skill level 10 in Polearms
   141 | D        | Killed a gargoyle
   142 | D        | Reached skill level 12 in Polearms
   142 | D        | Reached XP level 6. HP: 27/66 MP: 5/5
   149 | D        | Killed a steam dragon
   150 | D        | Reached skill level 10 in Fighting
   150 | D        | Reached skill level 13 in Polearms
   150 | D        | Reached skill level 10 in Armour
   150 | D        | Reached XP level 7. HP: 28/72 MP: 6/6
   152 | D        | Killed a vampire mosquito
   153 | D        | Reached skill level 14 in Polearms
   302 | D        | Noticed a centaur warrior
   302 | D        | Noticed a centaur warrior
   302 | D        | Noticed a centaur warrior
   302 | D        | Noticed a boulder beetle
   308 | D        | Killed a centaur warrior
   309 | D        | Reached skill level 15 in Polearms
   309 | D        | Reached XP level 8. HP: 27/83 MP: 7/7
   310 | D        | Shot with an arrow by a centaur warrior

Illustrated notes

Levels and vault maps discovered:
D:        linesprint [early_d, line_temple, items_1, d_10, items_2, lair_1,
          lair_end, items_3, orc_1, orc_end, items_4, d_15, swamp_1, shoals_1,
          snake_1, spider_1, d_20, vaults_1, items_5, swamp_end, shoals_end,
          snake_end, spider_end, vaults_end, d_27, items_6, zot_1, zot_end,
          crypt_end, forest_end, elf_end, slime_end, tomb_end, abyss_end,
          pan_hell_end]

Skill      XL: |  1  2  3  4  5  6  7 |
---------------+----------------------+-----
Polearms       | 5 7 9 12 13 15 | 15.7
Fighting       | 5 6 7 9 10 11 | 11.8
Armour         | 5 6 7 9 10 11 | 11.8
Shields        | |  3.6

Action                     |  1- 3 |  4- 6 |  7- 9 || total
---------------------------+-------+-------+-------++-------
  Melee: Trident           |    18 |     5 |       ||    23
         Headbutt          |     4 |     6 |     1 ||    11
         Halberd           |       |    22 |    13 ||    35
    Use: Potion            |       |     5 |       ||     5
 Armour: Scale mail        |     4 |     2 |       ||     6
         Chain mail        |       |    31 |    22 ||    53
  Dodge: Dodged            |     8 |     9 |     4 ||    21
  Block: Buckler           |     5 |       |       ||     5
